Unix NetHack Version 3.7.0-66 Work-in-progress - last build Nov 25 2022 02:21:47 (a67c8fbd212c6e9cfe3af09653023564b5ba1bad,branch:master).

Game began 2022-10-30 19:30:48, ended 2022-12-01 03:20:42.

spontiff, neutral male gnomish Healer

  
unexplored area
unexplored area
unexplored area
unexplored area
unexplored area
unexplored area
unexplored area
unexplored area
unexplored area
unexplored area
unexplored area
stone
stone
stone
stone
stone
stone
stone
stone
stone
unexplored area
unexplored area
unexplored area
unexplored area
unexplored area
unexplored area
unexplored area
unexplored area
unexplored area
unexplored area
unexplored area
unexplored area
unexplored area
unexplored area
unexplored area
unexplored area
unexplored area
unexplored area
unexplored area
unexplored area
unexplored area
unexplored area
unexplored area
unexplored area
unexplored area
unexplored area
unexplored area
unexplored area
unexplored area
unexplored area
stone
stone
stone
unexplored area
unexplored area
unexplored area
unexplored area
unexplored area
unexplored area
unexplored area
unexplored area
unexplored area
unexplored area
unexplored area
unexplored area
unexplored area
unexplored area
unexplored area
unexplored area
unexplored area
unexplored area
unexplored area
unexplored area
unexplored area
unexplored area
unexplored area
unexplored area
unexplored area
unexplored area
unexplored area
unexplored area
unexplored area
unexplored area
unexplored area
unexplored area
unexplored area
unexplored area
unexplored area
stone
stone
stone
*11 rocks
*6 rocks
corridor
corridor
corridor
corridor
.doorway
wall
wall
wall
wall
wall
wall
wall
wall
wall
wall
wall
wall
wall
wall
wall
wall
wall
wall
wall
wall
wall
wall
wall
wall
wall
wall
wall
wall
wall
wall
wall
wall
corridor
stone
unexplored area
unexplored area
unexplored area
unexplored area
unexplored area
unexplored area
unexplored area
unexplored area
unexplored area
unexplored area
unexplored area
unexplored area
unexplored area
unexplored area
unexplored area
unexplored area
unexplored area
unexplored area
unexplored area
unexplored area
unexplored area
unexplored area
unexplored area
unexplored area
unexplored area
unexplored area
unexplored area
unexplored area
unexplored area
unexplored area
wall
wall
wall
wall
wall
wall
.doorway
.doorway
.doorway
*some stones
*some stones
corridor
corridor
corridor
.doorway
.dark part of a room
.dark part of a room
.dark part of a room
.dark part of a room
.dark part of a room
.dark part of a room
.dark part of a room
.dark part of a room
.dark part of a room
.dark part of a room
.dark part of a room
.dark part of a room
.dark part of a room
.dark part of a room
.dark part of a room
.dark part of a room
.dark part of a room
.dark part of a room
.dark part of a room
.dark part of a room
.dark part of a room
.dark part of a room
.dark part of a room
.dark part of a room
.dark part of a room
.dark part of a room
.dark part of a room
.dark part of a room
.dark part of a room
.dark part of a room
.dark part of a room
wall
corridor
stone
unexplored area
unexplored area
unexplored area
unexplored area
unexplored area
unexplored area
unexplored area
unexplored area
unexplored area
unexplored area
unexplored area
unexplored area
unexplored area
unexplored area
unexplored area
unexplored area
unexplored area
unexplored area
unexplored area
unexplored area
unexplored area
unexplored area
unexplored area
unexplored area
unexplored area
unexplored area
unexplored area
unexplored area
unexplored area
unexplored area
wall
.floor of a room
.floor of a room
.dark part of a room
.floor of a room
.floor of a room
.dark part of a room
.dark part of a room
.doorway
corridor
*some stones
corridor
corridor
)a broad short sword
.doorway
.dark part of a room
.dark part of a room
.dark part of a room
wall
wall
wall
wall
wall
wall
wall
wall
wall
wall
wall
.dark part of a room
wall
wall
wall
wall
wall
wall
wall
wall
wall
wall
wall
wall
wall
wall
wall
.dark part of a room
wall
corridor
stone
unexplored area
unexplored area
unexplored area
unexplored area
unexplored area
unexplored area
unexplored area
unexplored area
unexplored area
wall
wall
wall
wall
wall
wall
wall
wall
wall
unexplored area
unexplored area
unexplored area
unexplored area
unexplored area
unexplored area
unexplored area
unexplored area
unexplored area
unexplored area
unexplored area
unexplored area
wall
.floor of a room
.floor of a room
.dark part of a room
.floor of a room
.floor of a room
.dark part of a room
.dark part of a room
.doorway
*7 rocks
corridor
corridor
corridor
corridor
.doorway
[a ring mail
.dark part of a room
.dark part of a room
wall
.dark part of a room
[a dwarvish cloak
(a credit card
(a pick-axe
wall
.dark part of a room
.dark part of a room
.dark part of a room
.dark part of a room
wall
.dark part of a room
wall
.dark part of a room
.dark part of a room
.dark part of a room
(2 candles
wall
.dark part of a room
.dark part of a room
.dark part of a room
wall
[an uncursed +0 orcish helm
.dark part of a room
.dark part of a room
.dark part of a room
wall
.dark part of a room
wall
corridor
stone
unexplored area
unexplored area
unexplored area
unexplored area
unexplored area
stone
stone
stone
stone
wall
.dark part of a room
.dark part of a room
.dark part of a room
.dark part of a room
.dark part of a room
.dark part of a room
.dark part of a room
wall
unexplored area
unexplored area
unexplored area
unexplored area
unexplored area
unexplored area
unexplored area
unexplored area
unexplored area
unexplored area
unexplored area
unexplored area
wall
.floor of a room
.floor of a room
.dark part of a room
.floor of a room
.floor of a room
.dark part of a room
.dark part of a room
.doorway
corridor
stone
*11 rocks
corridor
*some stones
.doorway
.dark part of a room
.dark part of a room
.dark part of a room
-open door
.dark part of a room
(an empty bag
$3 gold pieces
.dark part of a room
wall
.dark part of a room
.dark part of a room
.dark part of a room
.dark part of a room
-open door
.dark part of a room
-open door
.dark part of a room
$123 gold pieces
.dark part of a room
.dark part of a room
wall
)4 daggers
.dark part of a room
.dark part of a room
wall
.dark part of a room
?a scroll called DAIYEN 300z
*a gem called v1
.dark part of a room
-open door
.dark part of a room
wall
corridor
stone
unexplored area
unexplored area
unexplored area
unexplored area
stone
corridor
corridor
corridor
corridor
-open door
.dark part of a room
.dark part of a room
.dark part of a room
.dark part of a room
.dark part of a room
.dark part of a room
.dark part of a room
wall
unexplored area
unexplored area
unexplored area
unexplored area
unexplored area
unexplored area
unexplored area
unexplored area
unexplored area
unexplored area
unexplored area
unexplored area
wall
.floor of a room
.floor of a room
.dark part of a room
.floor of a room
.dark part of a room
.dark part of a room
.dark part of a room
.doorway
0a boulder
*some stones
corridor
corridor
corridor
.doorway
.dark part of a room
.dark part of a room
.dark part of a room
wall
.dark part of a room
.dark part of a room
(a figurine of an iron piercer
.dark part of a room
wall
.dark part of a room
.dark part of a room
.dark part of a room
.dark part of a room
wall
.dark part of a room
wall
.dark part of a room
.dark part of a room
.dark part of a room
.dark part of a room
wall
.dark part of a room
.dark part of a room
.dark part of a room
wall
.dark part of a room
.dark part of a room
.dark part of a room
.dark part of a room
wall
.dark part of a room
wall
corridor
stone
unexplored area
unexplored area
unexplored area
stone
stone
corridor
stone
stone
stone
wall
>staircase down
.dark part of a room
.dark part of a room
.dark part of a room
.dark part of a room
.dark part of a room
.dark part of a room
wall
unexplored area
unexplored area
unexplored area
unexplored area
unexplored area
unexplored area
unexplored area
unexplored area
unexplored area
unexplored area
unexplored area
unexplored area
wall
.floor of a room
.floor of a room
.dark part of a room
.floor of a room
.dark part of a room
.dark part of a room
.dark part of a room
.doorway
corridor
corridor
corridor
corridor
corridor
.doorway
.dark part of a room
.dark part of a room
.dark part of a room
wall
wall
wall
wall
wall
wall
wall
wall
wall
wall
wall
.dark part of a room
wall
wall
wall
wall
wall
wall
wall
|open door
wall
wall
wall
wall
wall
wall
wall
.dark part of a room
wall
corridor
stone
unexplored area
unexplored area
stone
stone
corridor
corridor
corridor
corridor
corridor
)a thonged club
.dark part of a room
.dark part of a room
.dark part of a room
.dark part of a room
.dark part of a room
.dark part of a room
.dark part of a room
wall
unexplored area
unexplored area
unexplored area
unexplored area
unexplored area
unexplored area
unexplored area
unexplored area
unexplored area
unexplored area
unexplored area
stone
wall
.doorway
|open door
.doorway
.doorway
.doorway
.doorway
.broken door
.doorway
*some stones
stone
*some stones
corridor
corridor
.doorway
.dark part of a room
.dark part of a room
.floor of a room
.doorway
.floor of a room
.floor of a room
.floor of a room
wall
[an uncursed +0 hard hat
.dark part of a room
.dark part of a room
.dark part of a room
wall
.dark part of a room
.dark part of a room
.dark part of a room
.dark part of a room
.dark part of a room
.dark part of a room
.dark part of a room
.dark part of a room
.dark part of a room
.dark part of a room
.dark part of a room
.dark part of a room
.dark part of a room
.dark part of a room
.dark part of a room
.dark part of a room
.dark part of a room
.dark part of a room
wall
corridor
stone
stone
stone
stone
corridor
corridor
stone
corridor
stone
stone
wall
.dark part of a room
.dark part of a room
.dark part of a room
.dark part of a room
.dark part of a room
.dark part of a room
.dark part of a room
wall
unexplored area
unexplored area
unexplored area
unexplored area
unexplored area
unexplored area
unexplored area
unexplored area
unexplored area
unexplored area
unexplored area
stone
corridor
*7 rocks
corridor
0a boulder
corridor
0a boulder
*some stones
corridor
corridor
corridor
*some stones
stone
corridor
corridor
.doorway
.dark part of a room
.floor of a room
.floor of a room
.doorway
.floor of a room
.floor of a room
.floor of a room
wall
.dark part of a room
_neutral altar
.dark part of a room
.dark part of a room
wall
.dark part of a room
.dark part of a room
)a spear
.dark part of a room
.dark part of a room
.dark part of a room
.dark part of a room
wall
wall
wall
wall
.dark part of a room
.dark part of a room
wall
wall
wall
wall
.dark part of a room
wall
corridor
corridor
corridor
corridor
corridor
corridor
corridor
corridor
corridor
corridor
corridor
.doorway
.dark part of a room
.dark part of a room
.dark part of a room
.dark part of a room
.dark part of a room
.dark part of a room
.dark part of a room
wall
unexplored area
unexplored area
unexplored area
unexplored area
unexplored area
unexplored area
unexplored area
unexplored area
unexplored area
unexplored area
unexplored area
stone
stone
corridor
corridor
corridor
corridor
corridor
stone
corridor
corridor
corridor
corridor
*some stones
corridor
corridor
.doorway
.floor of a room
.floor of a room
.floor of a room
.doorway
.floor of a room
.dark part of a room
.dark part of a room
wall
.dark part of a room
.dark part of a room
.dark part of a room
.dark part of a room
wall
.dark part of a room
.dark part of a room
.dark part of a room
.dark part of a room
)a thonged club
.dark part of a room
.dark part of a room
wall
.dark part of a room
.dark part of a room
wall
.dark part of a room
.dark part of a room
wall
.dark part of a room
.dark part of a room
wall
.dark part of a room
wall
stone
stone
corridor
corridor
corridor
corridor
corridor
corridor
corridor
stone
stone
wall
wall
wall
wall
wall
wall
wall
wall
wall
unexplored area
unexplored area
unexplored area
unexplored area
unexplored area
unexplored area
unexplored area
unexplored area
unexplored area
unexplored area
unexplored area
stone
corridor
corridor
corridor
*some stones
corridor
*10 rocks
*some stones
corridor
stone
*some stones
corridor
corridor
corridor
corridor
.doorway
.floor of a room
.floor of a room
.floor of a room
wall
.dark part of a room
.dark part of a room
.dark part of a room
wall
.dark part of a room
.dark part of a room
.dark part of a room
.dark part of a room
wall
fountain
.dark part of a room
.dark part of a room
"web
.dark part of a room
.dark part of a room
.dark part of a room
wall
%a dwarf corpse
.dark part of a room
wall
.dark part of a room
.dark part of a room
wall
.dark part of a room
.dark part of a room
wall
.dark part of a room
wall
stone
corridor
corridor
stone
stone
unexplored area
unexplored area
unexplored area
unexplored area
unexplored area
unexplored area
unexplored area
unexplored area
unexplored area
unexplored area
unexplored area
unexplored area
unexplored area
unexplored area
unexplored area
unexplored area
unexplored area
unexplored area
unexplored area
unexplored area
unexplored area
unexplored area
unexplored area
unexplored area
unexplored area
unexplored area
stone
corridor
corridor
corridor
*6 rocks
corridor
*some stones
corridor
corridor
corridor
corridor
corridor
corridor
corridor
corridor
.doorway
.floor of a room
.floor of a room
.floor of a room
wall
|open door
wall
.doorway
wall
wall
wall
wall
|open door
wall
.dark part of a room
.dark part of a room
.dark part of a room
.dark part of a room
.dark part of a room
.dark part of a room
.dark part of a room
wall
wall
|open door
wall
*an uncursed stone called flint
.dark part of a room
wall
wall
|open door
wall
.dark part of a room
wall
stone
corridor
corridor
unexplored area
unexplored area
unexplored area
unexplored area
unexplored area
unexplored area
unexplored area
unexplored area
unexplored area
unexplored area
unexplored area
unexplored area
unexplored area
unexplored area
unexplored area
unexplored area
unexplored area
unexplored area
unexplored area
unexplored area
unexplored area
unexplored area
unexplored area
unexplored area
unexplored area
unexplored area
unexplored area
unexplored area
stone
wall
.doorway
.doorway
.doorway
.doorway
.doorway
.doorway
.doorway
|open door
wall
corridor
corridor
corridor
corridor
:newt
.floor of a room
.floor of a room
.floor of a room
.floor of a room
.floor of a room
.dark part of a room
.dark part of a room
.dark part of a room
.dark part of a room
.dark part of a room
.dark part of a room
[a pair of iron shoes
.dark part of a room
.dark part of a room
.dark part of a room
.dark part of a room
.dark part of a room
.dark part of a room
.dark part of a room
.dark part of a room
.dark part of a room
.dark part of a room
.dark part of a room
.dark part of a room
.dark part of a room
.dark part of a room
.dark part of a room
.dark part of a room
.dark part of a room
.dark part of a room
.dark part of a room
wall
stone
corridor
stone
unexplored area
unexplored area
unexplored area
unexplored area
unexplored area
unexplored area
unexplored area
unexplored area
unexplored area
unexplored area
unexplored area
unexplored area
unexplored area
unexplored area
unexplored area
unexplored area
unexplored area
unexplored area
unexplored area
unexplored area
unexplored area
unexplored area
unexplored area
unexplored area
unexplored area
unexplored area
unexplored area
unexplored area
unexplored area
wall
.floor of a room
.floor of a room
.floor of a room
.floor of a room
*a stone
.floor of a room
.floor of a room
.floor of a room
.doorway
corridor
corridor
corridor
*7 rocks
.doorway
.floor of a room
.floor of a room
.floor of a room
wall
wall
wall
wall
wall
|open door
wall
.dark part of a room
.dark part of a room
wall
wall
wall
wall
.dark part of a room
.dark part of a room
.dark part of a room
.dark part of a room
wall
wall
wall
wall
wall
|open door
wall
wall
wall
wall
.dark part of a room
.doorway
corridor
corridor
stone
unexplored area
unexplored area
unexplored area
unexplored area
unexplored area
unexplored area
unexplored area
unexplored area
unexplored area
unexplored area
unexplored area
unexplored area
unexplored area
unexplored area
unexplored area
unexplored area
unexplored area
unexplored area
unexplored area
unexplored area
unexplored area
unexplored area
unexplored area
unexplored area
unexplored area
unexplored area
unexplored area
unexplored area
stone
wall
.floor of a room
.floor of a room
.floor of a room
.floor of a room
.floor of a room
)a crude dagger
.floor of a room
*8 rocks
.doorway
corridor
corridor
corridor
corridor
.doorway
.floor of a room
.floor of a room
.floor of a room
-open door
.floor of a room
.dark part of a room
wall
.dark part of a room
.dark part of a room
wall
.dark part of a room
.dark part of a room
wall
.dark part of a room
.dark part of a room
-open door
.dark part of a room
.dark part of a room
.dark part of a room
.dark part of a room
wall
.dark part of a room
.dark part of a room
wall
.dark part of a room
.dark part of a room
wall
.dark part of a room
.dark part of a room
wall
.dark part of a room
wall
stone
corridor
stone
unexplored area
unexplored area
unexplored area
unexplored area
unexplored area
unexplored area
unexplored area
unexplored area
unexplored area
unexplored area
unexplored area
unexplored area
unexplored area
unexplored area
unexplored area
unexplored area
unexplored area
unexplored area
unexplored area
unexplored area
unexplored area
unexplored area
unexplored area
unexplored area
unexplored area
unexplored area
unexplored area
unexplored area
stone
.doorway
.floor of a room
.floor of a room
.floor of a room
.floor of a room
.floor of a room
.floor of a room
.floor of a room
.floor of a room
-open door
corridor
corridor
corridor
corridor
.doorway
.dark part of a room
.dark part of a room
.dark part of a room
wall
.dark part of a room
.dark part of a room
wall
.dark part of a room
.dark part of a room
wall
.dark part of a room
.dark part of a room
wall
.dark part of a room
.dark part of a room
wall
.dark part of a room
.dark part of a room
.dark part of a room
.dark part of a room
-open door
.dark part of a room
.dark part of a room
wall
.dark part of a room
.dark part of a room
wall
.dark part of a room
.dark part of a room
-open door
.dark part of a room
wall
stone
corridor
stone
unexplored area
unexplored area
unexplored area
unexplored area
unexplored area
unexplored area
unexplored area
unexplored area
unexplored area
unexplored area
unexplored area
unexplored area
unexplored area
unexplored area
unexplored area
unexplored area
unexplored area
unexplored area
unexplored area
unexplored area
unexplored area
unexplored area
unexplored area
unexplored area
unexplored area
unexplored area
unexplored area
unexplored area
stone
wall
.floor of a room
<staircase up
.floor of a room
@watch captain
.floor of a room
.floor of a room
.floor of a room
*a rock
.doorway
corridor
stone
corridor
stone
wall
wall
wall
wall
wall
wall
wall
wall
wall
wall
wall
wall
wall
wall
wall
wall
wall
wall
wall
wall
wall
wall
wall
wall
wall
wall
wall
wall
wall
wall
wall
wall
wall
corridor
corridor
stone
unexplored area
unexplored area
unexplored area
unexplored area
unexplored area
unexplored area
unexplored area
unexplored area
unexplored area
unexplored area
unexplored area
unexplored area
unexplored area
unexplored area
unexplored area
unexplored area
unexplored area
unexplored area
unexplored area
unexplored area
unexplored area
unexplored area
unexplored area
unexplored area
unexplored area
unexplored area
unexplored area
unexplored area
unexplored area
wall
.floor of a room
.floor of a room
@gnomish healer called spontiff
djackal
.floor of a room
.floor of a room
.floor of a room
.floor of a room
-open door
corridor
corridor
corridor
corridor
corridor
corridor
corridor
corridor
corridor
corridor
corridor
corridor
corridor
corridor
corridor
corridor
corridor
corridor
corridor
corridor
corridor
corridor
corridor
corridor
corridor
corridor
corridor
corridor
corridor
corridor
corridor
corridor
corridor
corridor
corridor
corridor
corridor
corridor
stone
unexplored area
unexplored area
unexplored area
unexplored area
unexplored area
unexplored area
unexplored area
unexplored area
unexplored area
unexplored area
unexplored area
unexplored area
unexplored area
unexplored area
unexplored area
unexplored area
unexplored area
unexplored area
unexplored area
unexplored area
unexplored area
unexplored area
unexplored area
unexplored area
unexplored area
unexplored area
unexplored area
unexplored area
unexplored area
unexplored area
wall
.doorway
.doorway
.doorway
.doorway
.doorway
.doorway
.doorway
.doorway
.doorway
corridor
corridor
stone
stone
stone
stone
stone
stone
stone
stone
stone
stone
stone
stone
stone
stone
stone
stone
stone
stone
stone
stone
stone
stone
stone
stone
stone
stone
stone
stone
stone
stone
stone
stone
stone
stone
stone
stone
unexplored area
unexplored area
unexplored area
unexplored area
unexplored area
unexplored area
unexplored area
unexplored area
unexplored area
unexplored area
unexplored area
unexplored area
unexplored area
unexplored area
unexplored area
unexplored area
unexplored area
unexplored area
unexplored area
unexplored area
unexplored area
unexplored area
unexplored area
unexplored area
unexplored area
unexplored area
unexplored area
unexplored area
unexplored area
unexplored area
unexplored area
stone
stone
stone
stone
stone
stone
stone
stone
stone
stone
stone
stone
unexplored area
unexplored area
unexplored area
unexplored area
unexplored area
unexplored area
unexplored area
unexplored area
unexplored area
unexplored area
unexplored area
unexplored area
unexplored area
unexplored area
unexplored area
unexplored area
unexplored area
unexplored area
unexplored area
unexplored area
unexplored area
unexplored area
unexplored area
unexplored area
unexplored area
unexplored area
unexplored area
unexplored area
unexplored area
unexplored area
unexplored area
unexplored area
unexplored area
unexplored area
unexplored area
unexplored area
unexplored area
unexplored area
unexplored area
unexplored area
unexplored area
unexplored area
unexplored area
unexplored area
unexplored area
unexplored area
unexplored area
unexplored area
unexplored area
unexplored area
unexplored area
unexplored area
unexplored area
unexplored area
unexplored area
unexplored area
unexplored area
unexplored area
unexplored area
unexplored area
unexplored area
unexplored area
unexplored area
[Spontiff the Rhizotomist ] St:12 Dx:10 Co:18 In:9 Wi:17 Ch:16 Neutral S:450 Dlvl:7 $:229 HP:0(41) Pw:8(8) AC:-6 Xp:1/0 T:12791 Burdened

Latest messages:

The jackal is frightened by its reflection.
You hear an animal carcass being offered in sacrifice.
What do you want to drop? [$a-df-zA-Z or ?*] $
You drop 229 gold pieces.
What do you want to drop? [a-df-zA-Z or ?*] <esc>
Never mind.
What do you want to dip? [a-cf-zA-Z or ?*] ?
Dip an uncursed potion called contusion into the fountain? [yn] (n) y
Your potion called contusion dilutes.
What do you want to dip? [a-cf-zA-Z or ?*] I
Dip an uncursed diluted potion called contusion into the fountain? [yn] (n) y
Your diluted potion called contusion dilutes further.
The fountain dries up!
You hear the shrill sound of a guard's whistle.
You have a little trouble lifting $ - 229 gold pieces.
#oops: unknown extended command.
#unholy, at least: unknown extended command.
The jackal misses!
You hear a crunching sound.
The jackal misses!
The jackal misses!
You see here 7 rocks.
The jackal bites!
The jackal misses!
What do you want to use or apply? [abkostwxJL-NSV-X or ?*] s
In what direction? k
Status of the watch captain (chaotic): Level 10 HP 45(45) AC -1.
What do you want to zap? [abL-NSV or ?*] ?
Never mind.
The watch captain swings her silver saber.
The watch captain hits!
The watch captain swings her silver saber.
The watch captain hits!
The jackal bites!
The watch captain swings her silver saber.
The watch captain hits!
The watch captain swings her silver saber.
The watch captain misses!
What do you want to zap? [abL-NSV or ?*] ?
Never mind.
What do you want to zap? [abL-NSV or ?*] ?
Never mind.
The jackal misses!
The watch captain swings her silver saber.
The watch captain hits!
The watch captain swings her silver saber.
The watch captain hits!
You die...
Do you want your possessions identified? [ynq] (y) y
Do you want to see the dungeon overview? [ynq] (y) y

Inventory:

Coins

$ - 229 gold pieces

Armor

h - a blessed +2 helmet (being worn)
g - an uncursed burnt +1 pair of leather gloves (being worn)
v - an uncursed +1 pair of iron shoes (being worn)
r - an uncursed +0 small shield (being worn)
q - an uncursed +1 dwarvish cloak (being worn)
Q - an uncursed +0 mummy wrapping
d - an uncursed +0 leather armor (being worn)

Comestibles

y - an uncursed apple
n - 12 uncursed food rations
p - 3 uncursed tripe rations
i - an uncursed lizard corpse

Scrolls

c - a blessed scroll of create monster
F - an uncursed scroll of destroy armor
u - a blessed scroll of earth
m - an uncursed scroll of earth
T - a blessed scroll of fire
A - an uncursed scroll of food detection
C - 2 uncursed scrolls of identify
l - a cursed scroll of identify
z - 5 uncursed scrolls of teleportation

Potions

f - an uncursed potion of enlightenment
B - an uncursed potion of gain ability
D - a blessed potion of gain level
Z - an uncursed potion of levitation
K - an uncursed potion of object detection
Y - an uncursed potion of see invisible
O - a cursed potion of see invisible
E - an uncursed potion of water
I - a potion of unholy water

Rings

G - an uncursed +1 ring of adornment
U - an uncursed ring of invisibility
H - a cursed ring of polymorph
j - an uncursed ring of polymorph control
R - an uncursed ring of searching

Wands

L - an uncursed wand of create monster (0:12)
b - an uncursed wand of magic missile (0:1)
a - an uncursed wand of nothing (0:15)
V - an uncursed wand of opening (0:5)
S - an uncursed wand of sleep (0:0)
M - an uncursed wand of striking (0:5)
N - an uncursed wand of striking (0:4)

Tools

J - an uncursed magic harp (0:5)
W - an uncursed tooled horn
x - a blessed magic lamp (lit)
w - an uncursed mirror
X - a cursed oil lamp
k - an uncursed skeleton key
s - an uncursed stethoscope
o - an uncursed tin whistle
t - an uncursed towel

Gems/Stones

P - an uncursed opal

Spontiff the Healer's attributes:


Background:

You were a Rhizotomist, a level 1 male gnomish Healer.
You were neutral, on a mission for Hermes
who was opposed by Athena (lawful) and Poseidon (chaotic).
You were in the Gnomish Mines, on level 7.
You entered the dungeon 12791 turns ago.
It was nighttime.
You had 0 experience points, 20 were needed to attain level 2.
Your score was 450 before end-of-game adjustments.

Basics:

You had 0 out of 41 hit points.
You had all 8 energy points (spell power).
Your armor class was -6.
Your wallet contained 229 zorkmids.
Autopickup was on for '$!/="?' plus thrown, with exceptions.

Final Characteristics:

Your strength was 12 (limit:18/50).
Your dexterity was 10 (limit:18).
Your constitution was 18 (limit:18).
Your intelligence was 9 (limit:19).
Your wisdom was 17 (limit:18).
Your charisma was 16 (limit:18).

Final Status:

You were not hungry.
You were burdened; movement was slightly slowed.
You were empty handed.
You were unskilled in bare handed combat.

Final Attributes:

You were piously aligned.
You were poison resistant.
You had infravision.
You had a small defense bonus (+5).
You were warded.
You are dead.

Miscellaneous:
You never encountered a bones level.
Total elapsed playing time was 2 hours, 39 minutes and 5 seconds.

Major events:

Turn

1: spontiff the neutral male gnomish Healer entered the dungeon
1200: entered the Gnomish Mines
2837: reached Mine Town
7423: killed the Oracle
7661: entered the Bigroom
8141: entered Sokoban
8708: completed 1st Sokoban level
9348: completed 2nd Sokoban level
9884: completed 3rd Sokoban level
11330: completed 4th Sokoban level
12791: killed by a watch captain

Vanquished creatures:

the Oracle
2 giant mimics
a large mimic
4 small mimics
a large cat
a dwarf ruler
4 watchmen
a giant beetle
a wolf
an orc mummy
a dwarf mummy
a lizard
a housecat
a jaguar
a raven
2 human zombies
a Woodland-elf
a soldier ant
5 bugbears
an imp
a wood nymph
a water nymph
a mountain nymph
a rock piercer
2 rock moles
a pony
2 yellow lights
a violet fungus
5 gnome leaders
a gnomish wizard
2 black naga hatchlings
a guardian naga hatchling
3 gray oozes
2 elf zombies
a floating eye
10 dwarves
3 homunculi
a kobold leader
2 kobold shamans
7 rothes
a rabid rat
2 centipedes
5 giant bats
a monkey
6 dwarf zombies
2 werejackals
3 iguanas
4 acid blobs
2 gas spores
5 hobbits
3 manes
3 large kobolds
4 hobgoblins
8 giant rats
6 cave spiders
4 brown molds
6 yellow molds
2 red molds
12 gnomes
3 garter snakes
5 gnome zombies
7 geckos
16 jackals
4 foxes
3 kobolds
7 goblins
4 sewer rats
9 grid bugs
8 bats
13 lichens
2 kobold zombies
15 newts
255 creatures vanquished.
No species were genocided or became extinct.

Voluntary challenges:

You never hit with a wielded weapon.
You were a pacifist.
You read items or engraved 3 times.
You never engraved Elbereth.
You never genocided any monsters.
You never polymorphed an object.
You used no wishes.
You did not violate any of the special Sokoban rules.

Achievements:

You entered the Gnomish Mines.
You entered Minetown.
You entered a temple.
You entered a shop.
You entered the Big Room.
You entered Sokoban.

The Dungeons of Doom: levels 1 to 10

   Level 1:
A fountain.
Level 2:
Level 3:
Stairs down to The Gnomish Mines.
Level 4: "iron bars behind shop"
A general store.
Level 5:
A fountain.
Level 6:
Level 7: "Stashlet"
Many fountains.
Oracle of Delphi.
Level 8: "Stashlet"
A throne.
Stairs up to Sokoban, level 7.
Level 9:
A grave.
Level 10:
A very big room.

The Gnomish Mines: levels 4 to 8

   Level 4:
Level 5: "magic trap"
Level 6: "magic trap"
Level 7: <- You were here.
Many shops, a temple to Hermes, a fountain.
Final resting place for
you, killed by a watch captain.
Level 8:

Sokoban: levels 7 up to 4

   Level 4: "Come back for prize"
Solved.
Level 5:
Solved.
Level 6:
Solved.
Level 7:
Solved.

Game over:

----------
/ \
/ REST \
/ IN \
/ PEACE \
/ \
| spontiff |
| 229 Au |
| killed by a |
| watch captain |
| |
| |
| 2022 |
*| * * * | *
_________)/\\_//(\/(/\)/\//\/|_)_______

Goodbye spontiff the Healer...


You died in The Gnomish Mines on dungeon level 7 with 450 points,
and 229 pieces of gold, after 12791 moves.
You were level 1 with a maximum of 41 hit points when you died.